 Dungeon Crawl Stone Soup version 0.31-a0-154-g56bf346678 (webtiles) character file.

Game seed: 4964628326726430327

835 oldriver the Magician (level 7, -1/50 HPs)
             Began as a Demonspawn Fire Elementalist on June 12, 2023.
             Was an Initiate of Nemelex Xobeh.
             Slain by a black bear (11 damage)
             ... on level 5 of the Dungeon.
             The game lasted 00:09:55 (6518 turns).

oldriver the Magician (DsFE)                        Turns: 6518, Time: 00:09:58

Health: -1/50      AC:  4    Str:  9    XL:     7   Next: 66%
Magic:  1/14       EV: 12    Int: 18    God:    Nemelex Xobeh [......]
Gold:   200        SH:  0    Dex: 13    Spells: 10/16 levels left

rFire   . . .        s - +3 dagger (elec)
rCold   . . .        (no shield)
rNeg    . . .        a - +0 robe
rPois   .            (no helmet)
rElec   .            t - +1 cloak
rCorr   .            (no gloves)
SInv    .            (no boots)
Will    .....        (no amulet)
Stlth   ++           (no ring)
HPRegen 0.28/turn    (no ring)
MPRegen 0.14/turn

%: no passive effects
@: lethally poisoned (-1 -> -10)
A: claws 1, ignite blood 2, powered by pain 1
a: Renounce Religion, Draw Escape, Draw Destruction, Draw Summoning


You were on level 5 of the Dungeon.
You worshipped Nemelex Xobeh.
Nemelex Xobeh was noncommittal.
You visited 1 branch of the dungeon, and saw 5 of its levels.
You also visited: Ossuary.

You collected 200 gold pieces.

Inventory:

Hand Weapons
 s - a +3 dagger of electrocution (weapon)
Missiles
 f - 6 javelins
Armour
 a - a +0 robe (worn)
 t - a +1 cloak (worn)
Wands
 h - a wand of paralysis (11)
 u - a wand of flame (20)
Scrolls
 d - 3 scrolls of teleportation
 j - a scroll of amnesia
 n - a scroll of fear
 p - a scroll of blinking
 r - a scroll of identify
Potions
 b - a potion of magic
 c - 3 potions of cancellation
 e - 3 potions of enlightenment {unknown}
 g - a potion of haste
 i - a potion of brilliance
 k - 2 potions of attraction
 l - 4 potions of lignification
 m - 3 potions of degeneration
 o - 4 potions of curing {unknown}
 q - a potion of berserk rage


   Skills:
 - Level 2.0 Fighting
 + Level 2.7 Dodging
 + Level 3.9 Stealth
 * Level 5.0 Spellcasting
 + Level 3.1 Conjurations
 + Level 4.2 Fire Magic
 + Level 1.1 Invocations


You had 10 spell levels left.
You knew the following spells:

 Your Spells              Type           Power      Damage    Failure   Level
a - Foxfire               Conj/Fire      68%        2x1d7     3%          1
b - Scorch                Fire           38%        2d6       3%          2
c - Volatile Blastmotes   Fire/Tloc      24%        2d12      17%         3

Your spell library contained the following spells:

 Spells                   Type           Power      Damage    Failure   Level
 Momentum Strike          Conj/Tloc      20%        3d8       11%         2
 Slow                     Hex            16%        N/A       13%         1
 Inner Flame              Hex/Fire       12%        N/A       17%         3
 Blink                    Tloc           8%         N/A       21%         2
 Lesser Beckoning         Tloc           8%         N/A       21%         2
 Flame Wave               Conj/Fire      17%        2d7       28%         4
 Confusing Touch          Hex            4%         N/A       36%         3
 Ozocubu's Armour         Ice            4%         N/A       36%         3
 Vampiric Draining        Necr           4%         2d6       36%         3
 Ozocubu's Refrigeration  Ice            2%         4d7       100%        7


Dungeon Overview and Level Annotations

Branches:
Dungeon (5/15)            Ossuary (visited)
 Temple: D:4-7

Altars:
Ashenzari
Nemelex Xobeh
Okawaru
Qazlal
Ru
Sif Muna
Wu Jian

Shops:
D:3 ?   D:4 *


Innate Abilities, Weirdness & Mutations

You have sharp fingernails.
Your demonic aura often causes spilled blood to erupt in flames.
You sometimes gain a little power by taking damage.


Message History

Flames lash the black bear.
The black bear is heavily wounded.
You feel sick.
The scorpion is no longer more vulnerable to fire.
The scorpion barely misses you.
You conjure some foxfire!
You feel sick. The scorpion stings you. x2
The black bear bites you but does no damage.
The black bear misses you. The black bear claws you.
Casting: Foxfire (safe; 3% risk of failure)
Confirm with . or Enter, or press ? or * to list all spells.
You don't have enough magic to cast this spell.
Unknown command.
You hit the black bear.
The black bear is severely wounded.
You feel sick.
The foxfire hits the black bear.
The black bear is burned terribly!
The black bear is almost dead.
The foxfire hits the black bear but does no damage.
The black bear is almost dead.
The scorpion stings you but does no damage.
The black bear goes berserk!
You hit the scorpion but do no damage.
The scorpion is almost dead.
You feel sick. The black bear closely misses you. The black bear claws you. x2
The scorpion misses you.
Unknown command.
You closely miss the black bear.
The black bear is almost dead.
You feel sick. The black bear bites you!
* * * LOW HITPOINT WARNING * * *
The black bear barely misses you. The black bear claws you.
* * * LOW HITPOINT WARNING * * *
The scorpion stings you.
* * * LOW HITPOINT WARNING * * *
You are more poisoned.
The scorpion poisons you!
A hound comes into view.
The black bear bites you!
You die...
Your body disappears without a glow.

♣. ............ ...
.........# ...h♣........#
.............#
.............# #.....#
#.....# #... .##..s..#
..##... #.#...h@.###
..##...###.#............
...........#............
.#.........#............
...........#...........###
#...####.................##
.......#..................#
.......#..................#
.......'..................#
#....


You could see a black bear (berserk, combustible), a scorpion and a hound
(wandering).

Vanquished Creatures
  Menkaure (D:4)
  2 scorpions (D:5)
  3 water moccasin zombies (Ossuary)
  A hound (D:3)
  4 orc priests
  Jessica (D:2)
  Terence (D:2)
  An orc wizard (D:3)
  2 mummies (Ossuary)
  4 gnolls
  3 adders
  2 ufetubi
  6 adder zombies (Ossuary)
  2 worms
  2 dart slugs
  7 orcs
  6 endoplasms
  2 giant cockroaches
  6 gnoll zombies (Ossuary)
  6 goblins
  4 jackals (D:3)
  3 quokkas
  4 ball pythons
  3 bats
  3 frilled lizards
  9 kobolds
  4 kobold zombies (Ossuary)
  4 orc zombies (Ossuary)
  6 rats
102 creatures vanquished.

Vanquished Creatures (others)
  542 foxfires
542 creatures vanquished.

Grand Total: 644 creatures vanquished

Notes
Turn   | Place    | Note
-------+----------+-------------------------------------------
     0 | D:1      | oldriver the Demonspawn Fire Elementalist began the quest
                  | for the Orb.
     0 | D:1      | Reached XP level 1. HP: 13/13 MP: 3/3
   368 | D:1      | Gained mutation: Your demonic aura sometimes causes spilled
                  | blood to erupt in flames. [demonic ancestry]
   368 | D:1      | Reached XP level 2. HP: 15/19 MP: 1/5
  1234 | D:2      | Gained mutation: Your demonic aura often causes spilled
                  | blood to erupt in flames. [demonic ancestry]
  1234 | D:2      | Reached XP level 3. HP: 24/24 MP: 1/6
  1385 | D:2      | Learned a level 2 spell: Scorch
  1389 | D:2      | Learned a level 3 spell: Volatile Blastmotes
  1455 | D:2      | Noticed Jessica
  1455 | D:2      | You fall into a shaft and drop 2 floors!
  1631 | D:4      | Found a sand-covered staircase.
  1638 | Ossuary  | Entered an ossuary
  1731 | Ossuary  | Reached skill level 3 in Spellcasting
  1731 | Ossuary  | Gained mutation: You sometimes gain a little power by
                  | taking damage. [demonic ancestry]
  1731 | Ossuary  | Reached XP level 4. HP: 21/30 MP: 1/8
  1735 | Ossuary  | Reached XP level 5. HP: 21/35 MP: 0/10
  2741 | D:3      | Found a stormy altar of Qazlal.
  2743 | D:3      | Found a faded altar of an unknown god.
  2756 | D:4      | Noticed Menkaure
  2781 | D:4      | Reached XP level 6. HP: 41/41 MP: 5/11
  2835 | D:4      | Found Keotsiat's Neck Hole.
  2867 | D:3      | Reached skill level 4 in Spellcasting
  3124 | D:3      | Found a sparkling altar of Nemelex Xobeh.
  3125 | D:3      | Found a sacrificial altar of Ru.
  3193 | D:3      | Found Faoreb's Magic Scroll Boutique.
  4418 | D:2      | Noticed Terence
  4424 | D:2      | Killed Terence
  4619 | D:2      | Killed Jessica
  4620 | D:2      | Reached skill level 1 in Fighting
  5403 | D:3      | Found a broken altar of Ashenzari.
  5403 | D:3      | Found an ornate altar of the Wu Jian Council.
  5406 | D:3      | Found an iron altar of Okawaru.
  5525 | D:3      | Became a worshipper of Nemelex Xobeh the Trickster
  5656 | D:4      | Gained mutation: You have sharp fingernails. [demonic
                  | ancestry]
  5656 | D:4      | Reached XP level 7. HP: 48/48 MP: 6/13
  5912 | D:4      | Killed Menkaure
  6140 | D:5      | Entered Level 5 of the Dungeon
  6360 | D:5      | Found a shimmering blue altar of Sif Muna.
  6383 | D:5      | Reached skill level 5 in Spellcasting
  6383 | D:5      | Reached skill level 1 in Invocations
  6456 | D:5      | Found the +7 staff of the Meek {protect, meekguard}
  6518 | D:5      | Slain by a black bear

Illustrated notes

Levels and vault maps discovered:
D:1:      lightli_arrival_quake, layout_rooms, chequers_serial_rivers_small_a
D:2:      layout_basic, serial_aquarium, aquarium_bridge_long_separate
          [aquarium_subvault_wall, aquarium_subvault_balcony,
          aquarium_subvault_bridge, aquarium_subvault_bridge,
          aquarium_subvault_balcony, aquarium_subvault_bridge],
          aquarium_window_fake, aquarium_window_2, aquarium_window_1,
          aquarium_window_1, aquarium_view_2c, aquarium_balcony_double_2,
          aquarium_pool_2, nicolae_the_louvre, uniq_terence, uniq_jessica
D:3:      layout_loops_ring, minitemple, nicolae_overflow_ecumenical_swirl,
          nicolae_overflow_squiral, serial_shops, shop
D:4:      layout_rooms, chequers_ossuary_entry_cave,
          nicolae_shop_sticking_my_neck_out, uniq_menkaure
D:5:      layout_basic, mainiacjoe_overflow_alcove_4, grunt_ministairs_1

Skill      XL: |  1  2  3  4  5  6  7 |
---------------+----------------------+-----
Stealth        | 2 3 |  3.9
Fire Magic     | 3 4 |  4.2
Spellcasting   | 3 4 5 |  5.0
Conjurations   | 2 3 |  3.1
Dodging        | 2 |  2.7
Fighting       | 1 2 |  2.0
Invocations    | 1 |  1.1

Action                     |  1- 3 |  4- 6 |  7- 9 || total
---------------------------+-------+-------+-------++-------
  Melee: Unarmed           |     8 |       |       ||     8
         Club              |     7 |     7 |       ||    14
         Dagger            |       |       |     6 ||     6
   Cast: Foxfire           |    97 |   193 |    37 ||   327
         Scorch            |       |    27 |    14 ||    41
    Use: Scroll            |     3 |    10 |     1 ||    14
         Potion            |       |     1 |       ||     1
 Armour: Robe              |     7 |     2 |     5 ||    14
  Dodge: Dodged            |    25 |    10 |    14 ||    49

Table legend: (Time is in decaauts)
 A = Elapsed time spent in this place.
 B = Non-inter-level travel time spent in this place.
 C = Inter-level travel time spent in this place.
 D = Time resting spent in this place.
 E = Time spent auto-exploring this place.
 F = Levels seen in this place.
 G = Mean time per level.
                   A        B        C        D        E       F      G
               +--------+--------+--------+--------+--------+-----+--------+
         Total |   6539 |   6244 |    295 |   1247 |   3885 |   6 | 1089.8 |
       Dungeon |   5469 |   5174 |    295 |    522 |   3778 |   5 | 1093.8 |
       Ossuary |   1069 |   1069 |      0 |    725 |    107 |   1 | 1069.0 |
               +--------+--------+--------+--------+--------+-----+--------+

Top non-repeatable levels by time:
     D:2: 1571 daAuts
     D:3: 1541 daAuts
     D:1: 1166 daAuts
 Ossuary: 1069 daAuts
     D:4: 812 daAuts
     D:5: 377 daAuts
